 Dungeon Crawl Stone Soup version 0.17-b1-15-g0f5fb43 (webtiles) character file.

2236 Ijustatesigmund the Magician (level 9, 0/48 HPs)
             Began as a Deep Elf Wizard on Nov 3, 2015.
             Was a Follower of Vehumet.
             Slain by an orc warrior
             ... wielding a cursed -1 war axe
              (4 damage)
             ... on level 7 of the Dungeon.
             The game lasted 00:31:02 (7700 turns).

Ijustatesigmund the Magician (Deep Elf Wizard)      Turns: 7700, Time: 00:31:03

Health: 0/48       AC:  3    Str:  4    XL:     9   Next: 14%
Magic:  11/22      EV: 15    Int: 25    God:    Vehumet [*.....]
Gold:   283        SH:  0    Dex: 15    Spells: 5 memorised, 14 levels left

rFire  + . .     SeeInvis .     (no weapon)
rCold  + . .     Clarity  .     a - +0 robe
rNeg   . . .     SustAt   .     (no shield)
rPois  .         Gourm    .     i - +0 helmet
rElec  .         Spirit   .     (no cloak)
rCorr  .         Warding  .     (no gloves)
rMut   .         Stasis   .     (no boots)
MR     .....                    x - amulet of rage
Stlth  ++++......               D - ring of protection from cold
                                o - ring of protection from fire

@: lethally poisoned (0 -> -5), repel missiles, not resistant to hostile
enchantments, stealthy
A: no striking features
a: Renounce Religion, Evoke Berserk Rage


You were on level 7 of the Dungeon.
You worshipped Vehumet.
Vehumet was aware of your devotion.
You were not hungry.

You visited 2 branches of the dungeon, and saw 9 of its levels.

You collected 283 gold pieces.

Inventory:

Hand Weapons
 e - a +0 short sword
 u - a +0 rapier
Armour
 a - a +0 robe (worn)
 b - a +0 hat
 i - a +0 helmet (worn)
 y - a steam dragon hide
Jewellery
 m - an uncursed ring of teleportation
 o - a ring of protection from fire (left hand)
 v - an uncursed amulet of stasis
 x - an amulet of rage (around neck)
 D - a ring of protection from cold (right hand)
Wands
 z - a wand of draining (7)
 B - a wand of draining (1)
 C - a wand of disintegration (15)
Scrolls
 t - 6 scrolls of remove curse
 E - a scroll of teleportation
Potions
 f - a potion of degeneration {unknown}
 g - a potion of haste {unknown}
 j - a potion of cancellation {unknown}
 k - 2 potions of might
 l - a potion of resistance
 n - 3 potions of curing
 p - a potion of heal wounds {unknown}
 q - a potion of lignification {unknown}
 r - a potion of poison {unknown}
 s - a potion of agility {unknown}
 w - 2 potions of invisibility
Books
 c - a book of Minor Magic

   Spells                             Type                      Level
   a - Magic Dart                     Conjuration                  1
   b - Blink                          Translocation                2
   c - Call Imp                       Summoning                    2
   d - Repel Missiles                 Charms/Air                   2
   e - Slow                           Hexes                        2
   f - Conjure Flame                  Conjuration/Fire             3
   g - Mephitic Cloud                 Conjuration/Poison/Air       3
Comestibles
 d - 6 bread rations
 h - 7 meat rations


   Skills:
 - Level 2.1 Fighting
 - Level 3.0 Short Blades
 + Level 5.3 Dodging
 - Level 7.0 Stealth
 + Level 7.8 Spellcasting
 + Level 7.3 Conjurations
   Level 1.1 Summonings
 - Level 2.7 Translocations
 - Level 2.1 Air Magic
 - Level 2.1 Poison Magic


You had 14 spell levels left.
You knew the following spells:

 Your Spells              Type           Power        Failure   Level  Hunger
a - Magic Dart            Conj           ####         1%          1    None
b - Blink                 Tloc           N/A          3%          2    None
c - Repel Missiles        Chrm/Air       ###...       8%          2    None
d - Mephitic Cloud        Conj/Pois/Air  ####....     4%          3    None
e - Sting                 Conj/Pois      ####         1%          1    None


Dungeon Overview and Level Annotations

Branches:
Dungeon (8/15)             Temple (1/1) D:4
   Lair: D:8-11

Altars:
Ashenzari
Cheibriados
Dithmenos
Elyvilon
Fedhas
Gozag
Kikubaaqudgha
Nemelex Xobeh
Okawaru
Qazlal
Ru
Sif Muna
Trog
Vehumet
Xom
Yredelemnul
Zin
The Shining One


Message History

Aiming: Magic Dart
Press: ? - help, Shift-Dir - straight line, f/p - worker ant
Aim: a worker ant (almost dead)
The magic dart hits the worker ant.
The worker ant is almost dead.
The orc warrior hits you with a war axe!
* * * LOW HITPOINT WARNING * * *
The worker ant misses you.
Casting: Magic Dart
Confirm with . or Enter, or press ? or * to list all spells.
Aiming: Magic Dart
Press: ? - help, Shift-Dir - straight line, f/p - worker ant
Aim: a worker ant (almost dead)
The magic dart hits the worker ant.
You kill the worker ant!
Vehumet accepts your kill.
* * * LOW HITPOINT WARNING * * *
You feel sick.
The orc warrior hits you with a war axe.
You die...

.............# ##.## ###
.............# #..#
.........§...## ##..#
.......§§.....# #..##
#(............### ##..#
#.....#.........####...#
##.....................##..
#............###.).........
...####......# #@o..)....##
.. ####..## #)........#
####..# ##........o.#
#.....# #/...######.#
.....##..### #. ####..#..##
#..)..# ##...## #.).#


You could see an orc warrior.

Vanquished Creatures
  Pikel (D:6)
  Sigmund (D:3)
  Menkaure (D:6)
  A steam dragon (D:5)
  A sky beast (D:5)
  A slave (D:6)
  A phantom (D:7)
  A black bear (D:6)
  An ogre (D:6)
  A centaur (D:5)
  The ghost of Ierbamatei the Vandal, an amateur HaHu of Elyvilon (D:3)
  2 giant frogs (D:6)
  A scorpion (D:6)
  A wasp zombie (D:8)
  A crimson imp (D:5)
  A hound (D:5)
  3 orc wizards
  A giant frog zombie (D:5)
  3 orc priests
  A centaur skeleton (D:4)
  2 iguanas
  A jelly (D:6)
  3 worker ants
  2 hound skeletons
  6 adders
  3 gnolls (D:4)
  An ooze (D:1)
  3 worms (D:2)
  4 giant geckos
  17 orcs
  4 giant cockroaches
  5 goblins
  6 hobgoblins
  7 jackals
  A quokka (D:3)
  8 bats
  A giant gecko skeleton (D:3)
  4 giant newts
  A jackal zombie (D:5)
  9 kobolds
  A quokka zombie (D:8)
  6 rats
120 creatures vanquished.

Notes
Turn   | Place    | Note
--------------------------------------------------------------
     0 | D:1      | Ijustatesigmund the Deep Elf Wizard began the quest for the Orb.
     0 | D:1      | Reached XP level 1. HP: 10/10 MP: 7/7
   522 | D:1      | Reached XP level 2. HP: 9/15 MP: 2/9
   526 | D:1      | Learned a level 2 spell: Blink
   529 | D:1      | Learned a level 2 spell: Repel Missiles
  1376 | D:2      | Reached XP level 3. HP: 13/19 MP: 0/10
  1583 | D:2      | Learned a level 3 spell: Mephitic Cloud
  1634 | D:2      | Found an opulent altar of Gozag.
  1653 | D:2      | Found a stormy altar of Qazlal.
  2273 | D:3      | Found a snail-covered altar of Cheibriados.
  2293 | D:3      | Reached skill level 1 in Short Blades
  2330 | D:3      | Noticed Ierbamatei's ghost (amateur HaHu)
  2587 | D:3      | Killed Ierbamatei's ghost
  2587 | D:3      | Reached XP level 4. HP: 16/24 MP: 0/12
  2587 | D:3      | Reached XP level 5. HP: 18/28 MP: 0/13
  2874 | D:3      | Noticed Sigmund
  2898 | D:3      | Killed Sigmund
  2898 | D:3      | Reached skill level 5 in Stealth
  2898 | D:3      | Reached skill level 1 in Air Magic
  2898 | D:3      | Reached skill level 1 in Poison Magic
  2898 | D:3      | Reached XP level 6. HP: 24/32 MP: 7/15
  3042 | D:4      | Found a staircase to the Ecumenical Temple.
  3127 | Temple   | Entered the Ecumenical Temple
  3142 | Temple   | Became a worshipper of Vehumet
  4250 | D:5      | Entered Level 5 of the Dungeon
  4351 | D:5      | Reached skill level 5 in Spellcasting
  4351 | D:5      | Reached XP level 7. HP: 27/36 MP: 2/16
  4674 | D:5      | Found an iron altar of Okawaru.
  4692 | D:5      | Reached * piety under Vehumet
  4692 | D:5      | Offered knowledge of Sting by Vehumet.
  4782 | D:5      | Reached skill level 1 in Fighting
  4782 | D:5      | Reached skill level 6 in Stealth
  5222 | D:5      | Noticed a steam dragon
  5224 | D:5      | Noticed a steam dragon
  5238 | D:5      | Killed a steam dragon
  5238 | D:5      | Reached skill level 5 in Conjurations
  5375 | D:5      | Found a basalt altar of Yredelemnul.
  5465 | D:6      | Noticed Menkaure
  5875 | D:6      | Reached XP level 8. HP: 44/44 MP: 13/17
  6002 | D:6      | Reached skill level 7 in Stealth
  6005 | D:6      | Learned a level 1 spell: Sting
  6361 | D:6      | Killed Menkaure
  6548 | D:6      | Found a deep blue altar of Sif Muna.
  6555 | D:6      | Found a snail-covered altar of Cheibriados.
  6662 | D:6      | Noticed Pikel
  6676 | D:6      | Killed Pikel
  6714 | D:6      | Reached XP level 9. HP: 48/48 MP: 5/22
  7077 | D:7      | Reached skill level 5 in Dodging
  7700 | D:7      | Slain by an orc warrior

Action                   |  1- 3 |  4- 6 |  7- 9 || total
-------------------------+-------+-------+-------++-------
Melee: Short sword       |     6 |    19 |     5 ||    30
       Rapier            |       |       |    31 ||    31
 Cast: Magic Dart        |   134 |    85 |   242 ||   461
       Repel Missiles    |     1 |       |     1 ||     2
       Mephitic Cloud    |       |     1 |    18 ||    19
       Blink             |       |     1 |     6 ||     7
  Use: Scroll            |     7 |     3 |     2 ||    12
 Stab: Sleeping          |     1 |     1 |     1 ||     3
       Confused          |       |       |     5 ||     5
  Eat: Fruit             |     3 |       |       ||     3
       Chunk             |     2 |     5 |     4 ||    11
       Beef jerky        |       |       |     2 ||     2
       Meat ration       |       |       |     1 ||     1
